 Dungeon Crawl Stone Soup version 0.29.0-13-gc9e81de378 (webtiles) character file.

Game seed: 2856294681698142584

14 sentinel the Digger (level 2, 0/20 HPs)
             Began as a Meteoran Earth Elementalist on Sept 10, 2022.
             Splashed by a jelly's acid (10 damage)
             ... on level 4 of the Dungeon.
             The game lasted 00:01:07 (287 turns).

sentinel the Digger (Meteoran Earth Elementalist)    Turns: 287, Time: 00:01:07

Health: 0/20       AC: -2    Str:  9    XL:     2   Next: 76%
Magic:  3/6        EV: 12    Int: 16    God:
Gold:   0          SH:  0    Dex: 14    Spells: 4/6 levels left

rFire   . . .      SeeInvis .   (no weapon)
rCold   . . .      Faith    .   (no shield)
rNeg    . . .      Spirit   .   a - +0 robe
rPois   +          Reflect  .   (no helmet)
rElec   .          Harm     .   (no cloak)
rCorr   .          Rampage  .   (no gloves)
Will    .....                   (no boots)
Stlth   +.........              (no amulet)
HPRegen 0.06/turn               o - ring of poison resistance
MPRegen 0.10/turn               (no ring)

@: corroded, glowing
A: sense surroundings 1, otherworldly, glowing, explore regen
a: no special abilities


You were on level 4 of the Dungeon.
You visited 1 branch of the dungeon, and saw 4 of its levels.

Inventory:

Armour
 a - a +0 robe (worn)
Jewellery
 o - a ring of poison resistance (left hand)
Scrolls
 c - a scroll of immolation {unknown}
 d - a scroll of enchant armour {unknown}
 e - a scroll of silence {unknown}
 f - a scroll of summoning {unknown}
 g - a scroll of torment {unknown}
Potions
 b - a potion of magic


   Skills:
 - Level 2.4 Dodging
 - Level 1.4 Stealth
 - Level 2.6 Spellcasting
 - Level 1.2 Transmutations
 + Level 4.5 Earth Magic


You had 4 spell levels left.
You knew the following spells:

 Your Spells              Type           Power      Damage    Failure   Level
a - Sandblast             Erth           32%        2d9       3%          1
g - Apportation           Tloc           4%         N/A       19%         1

Your spell library contained the following spells:

 Spells                   Type           Power      Damage    Failure   Level
 Passwall                 Tmut/Erth      9%         N/A       9%          2
 Necrotise                Necr           8%         1d4       19%         1
 Summon Small Mammal      Summ           8%         N/A       19%         1
 Stone Arrow              Conj/Erth      18%        3d8       22%         3
 Gell's Gravitas          Tloc           2%         N/A       50%         3
 Teleport Other           Tloc           2%         N/A       50%         3
 Petrify                  Tmut/Erth      11%        N/A       52%         4
 Dispersal                Tloc           1%         N/A       100%        6


Dungeon Overview and Level Annotations

Branches:
Dungeon (4/15) Zot: 2105
 Temple: D:4-7

Altars:
Nemelex Xobeh


Innate Abilities, Weirdness & Mutations

You passively map a small area around you.
You are easily found by Zot.
You glow in the dark.
You regain HP and MP as you explore.


Message History

Found a mace and a hand axe.
Found 4 stones.
You see here a scroll labelled ZORELYXZAZ.
You see here a scroll labelled ZORELYXZAZ.
c - a scroll labelled ZORELYXZAZ
There is an escape hatch in the floor here.
You slide downwards.
The hatch slams shut behind you.
Found 5 gold pieces and a scroll labelled GEHEIT ROJYOC.
Found 8 gold pieces.
Found a leather armour.
Found a scroll labelled ETOIDAU DIMYOB.
You see here a scroll labelled GEHEIT ROJYOC.
d - a scroll labelled GEHEIT ROJYOC Unknown command.
There are no items here.
Found a scroll labelled UTASUL USYAS.
You see here a scroll labelled ETOIDAU DIMYOB.
e - a scroll labelled ETOIDAU DIMYOB
Found a long sword.
Found 9 gold pieces and a book of Cantrips.
A frilled lizard comes into view.
You see here a +0 leather armour.
Autopickup is now on.
The frilled lizard hisses angrily.
You see here a scroll labelled UTASUL USYAS.
The blast of sand hits the frilled lizard!
You kill the frilled lizard!
You can't see any susceptible monsters within range! (Use Z to cast anyway.)
You can't see any susceptible monsters within range! (Use Z to cast anyway.)
f - a scroll labelled UTASUL USYAS Autopickup is now off.
Autopickup is now on.
You pick up a book of Cantrips and begin reading...
You add the spells Necrotise, Summon Small Mammal and Apportation to your library.
You see here 9 gold pieces.
A hobgoblin comes into view.
You can't see any susceptible monsters within range! (Use Z to cast anyway.)
You can't see any susceptible monsters within range! (Use Z to cast anyway.)
The hobgoblin hits you but does no damage.
The blast of sand misses the hobgoblin.
The hobgoblin barely misses you. The hobgoblin hits you.
The blast of sand hits the hobgoblin.
You kill the hobgoblin!
You can't see any susceptible monsters within range! (Use Z to cast anyway.) Memorise Apportation, consuming 1 spell level and leaving 3?
You start memorising the spell.
You continue memorising.
You finish memorising.
Spell assigned to 'g'.
Okay, then.
Unknown command.
Found a There-And-Back Book.
You pick up a There-And-Back Book and begin reading...
You add the spells Gell's Gravitas, Teleport Other and Dispersal to your library.
You see here a +0 long sword.
You see here a frilled lizard corpse.
Found a stone staircase leading up.
There is a stone staircase leading up here.
You climb upwards.
Found a stone staircase leading down.
There is a stone staircase leading down here.
There is a stone staircase leading down here.
You climb downwards.
There is a stone staircase leading up here.
Found a stone staircase leading down.
There is a stone staircase leading down here.
You climb downwards.
The kobold shouts!
There is a stone staircase leading up here.
The blast of sand hits the kobold.
You kill the kobold!
Your Earth Magic skill increases to level 4!
You can't see any susceptible monsters within range! (Use Z to cast anyway.)
You can't see any susceptible monsters within range! (Use Z to cast anyway.)
You open the door.
There is an open door here.
Found a ring mail.
You see here a +0 ring mail.
A rat comes into view.
The rat moves out of view.
The blast of sand misses the rat.
The blast of sand hits the rat!
You kill the rat!
You have reached level 2!
You open the door.
There is an open door here.
You open the door.
A worm comes into view.
Found a scroll labelled UTWIBE ZYNTA.
Found a stone staircase leading down.
There is an open door here.
The blast of sand hits the worm.
The worm is lightly wounded.
The blast of sand hits the worm!
The worm is almost dead.
The blast of sand hits the worm!
You kill the worm!
You can't see any susceptible monsters within range! (Use Z to cast anyway.)
You can't see any susceptible monsters within range! (Use Z to cast anyway.)
A goblin comes into view. It is wielding a +0 dagger.
The goblin shouts!
The goblin moves out of view.
A dart slug comes into view.
You see here a scroll labelled UTWIBE ZYNTA.
Found 9 gold pieces.
Found an escape hatch in the floor.
The blast of sand hits the goblin!
You kill the goblin!
The dart slug launches a dart at you. The slug dart misses you.
The blast of sand hits the dart slug.
The dart slug is heavily wounded.
The blast of sand hits the dart slug.
The dart slug is almost dead.
You are out of magic!
You see here a scroll labelled UTWIBE ZYNTA.
g - a scroll labelled UTWIBE ZYNTA The dart slug closely misses you.
The blast of sand hits the dart slug.
You kill the dart slug!
You are out of magic!
You see here a +0 dagger.
There is a stone staircase leading down here.
You see here 9 gold pieces.
As you open the door, it creaks loudly!
There is an open door here.
Found a sparkling altar of Nemelex Xobeh.
There is an open door here.
There is a stone staircase leading down here.
You climb downwards.
There is a stone staircase leading up here.
A giant cockroach comes into view.
The giant cockroach bites you but does no damage.
The giant cockroach closely misses you.
An endoplasm and a jelly come into view.
The endoplasm quivers.
The giant cockroach closely misses you.
The blast of sand misses the giant cockroach.
The jelly quivers.
The giant cockroach bites you but does no damage. x2
The blast of sand hits the giant cockroach.
You kill the giant cockroach!
The jelly hits you.
You are splashed with acid.
The endoplasm barely misses you.
Casting: Sandblast (safe; 3% risk of failure)
Confirm with . or Enter, or press ? or * to list all spells.
Aiming: Sandblast (safe; 3% risk of failure)
Press: ? - help, Shift-Dir - straight line, f - jelly
Aim: a jelly (100% to hit)
The blast of sand hits the jelly!
The jelly is heavily wounded.
The jelly hits you. The acid corrodes you!
You are splashed with acid!
Ouch! That really hurt!
You die...

, , * ..#
..# * *
..# #.# *
#,#.#
#.#.#
#.#.##
#.J@J# *
,,
#.#.#.#*
,
..,#.#*.#
, #.###.#
.#
#,#...# #
#.#.###*
, #.<# *
,** * ,
##.# * ,
, #.. *


You could see a jelly and an endoplasm.

Vanquished Creatures
  A worm (D:3)
  A dart slug (D:3)
  A giant cockroach (D:4)
  A goblin (D:3)
  2 hobgoblins
  A frilled lizard (D:2)
  A kobold (D:3)
  A rat (D:3)
9 creatures vanquished.

Notes
Turn   | Place    | Note
-------+----------+-------------------------------------------
     0 | D:1      | sentinel the Meteoran Earth Elementalist began the quest
                  | for the Orb.
     0 | D:1      | Reached XP level 1. HP: 14/14 MP: 5/5
   106 | D:2      | Learned a level 1 spell: Apportation
   190 | D:3      | Reached skill level 4 in Earth Magic
   230 | D:3      | Reached XP level 2. HP: 20/20 MP: 3/6
   266 | D:3      | Found a sparkling altar of Nemelex Xobeh.
   284 | D:4      | Noticed a jelly
   287 | D:4      | Splashed by a jelly's acid

Illustrated notes

Levels and vault maps discovered:
D:1:      dpeg_arrival_arbitrary_a, layout_basic, minmay_quantized
D:2:      minmay_spotlight, layout_basic, dreamdust_ecumenical_altar_statues,
          hangedman_glass_teeth, reono_crystal_passage
D:3:      minmay_octagon_keep, layout_basic, nicolae_overflow_crystal_walls,
          uniq_grinder
D:4:      layout_loops_ring, lemuel_round_altar

Skill      XL: |  1 |
---------------+----+-----
Earth Magic    | 4 |  4.5
Dodging        | |  2.4
Stealth        | |  1.4
Spellcasting   | |  2.6
Transmutations | |  1.2

Action                   || total
-------------------------++-------
 Cast: Sandblast         ||    17
Armor: Robe              ||     4
Dodge: Dodged            ||     6
